Map: Heavy Artillery LE

Players

Massa - Winner!

  • Race: Terran Terran
  • League: Gold
  • Spawn Location: 7:00

qqq - Winner!

  • Race: Zerg Zerg
  • League: Platinum
  • Spawn Location: 7:00

Dlen

  • Race: Protoss Protoss
  • Spawn Location: 1:00

castoR

  • Race: Protoss Protoss
  • League: Diamond
  • Spawn Location: 3:00

VOD

Have the link to the VOD?

Description

Time

  • Played on: July 31, 2020, 6:19 a.m.
  • Length: 1:47
Show
View Real Time Build Order
Export as new Build Order

Massa Terran - Winner!

Build Orders:  

Get SALT Encoding   

  12  0:01  SCV  
  13  0:13  SCV  
  14  0:18  Supply Depot  
  14  0:25  SCV  
  15  0:30  Refinery  
  15  0:40  SCV  
  16  0:45  Barracks  
  16  0:52  SCV  
  17  1:04  SCV  
  18  1:16  SCV  
  19  1:19  Barracks  
  19  1:22  Supply Depot  
  19  1:29  SCV  
Show
View Real Time Build Order
Export as new Build Order

qqq Zerg - Winner!

Build Orders: Hatch First 

Get SALT Encoding   

  12  0:02  Drone  
  13  0:10  Drone  
  14  0:35  Hatchery  
  13  0:39  Drone  
  14  0:53  Spawning Pool  
  13  1:02  Overlord  
  13  1:08  Drone  
  14  1:12  Extractor  
  14  1:13  Drone  
  14  1:23  Drone  
  15  1:29  Drone  
Show
View Real Time Build Order
Export as new Build Order

Dlen Protoss 

Build Orders:  

Get SALT Encoding   

  12  0:01  Probe  
  13  0:13  Probe  
  14  0:20  Pylon  
  14  0:25  Probe  
  15  0:38  Probe  
  16  0:45  Gateway  
  16  0:53  Assimilator  
  16  0:55  Probe (Chrono Boost), Assimilator  
  17  1:07  Probe (Chrono Boost)  
  18  1:15  Probe (Chrono Boost)  
  19  1:21  Probe  
  20  1:33  Probe, Cybernetics Core  
Show
View Real Time Build Order
Export as new Build Order

castoR Protoss 

Build Orders:  

Get SALT Encoding   

  12  0:02  Probe  
  13  0:15  Probe  
  13  0:19  Pylon  
  14  0:27  Probe  
  15  0:39  Probe  
  15  0:40  Gateway  
  16  0:59  Probe (Chrono Boost)  
  17  1:04  Assimilator  
  17  1:07  Assimilator  
  17  1:11  Probe (Chrono Boost)  
  18  1:15  Probe (Chrono Boost)  
  19  1:26  Probe  
  20  1:34  Cybernetics Core  
Tags
 
Add a new tag
Caveats
  • Supply blocks, unpowered buildings, or Contaminate may cause inaccurate times.
  • Supply counts are checked every 10 seconds.